 Dungeon Crawl Stone Soup version 0.28.0-43-g3370ac3207 (webtiles) character file.

Game seed: 17059173786219370530

17 foureyesage the Ducker (level 2, -7/14 HPs)
             Began as a Felid Berserker on Mar 23, 2022.
             Was a Follower of Trog.
             Mangled by a worm (11 damage)
             ... on level 2 of the Dungeon.
             The game lasted 00:15:16 (1566 turns).

foureyesage the Ducker (Felid Berserker)            Turns: 1566, Time: 00:15:16

Health: -7/14      AC:  1    Str: 13    XL:     2   Next: 44%
Magic:  3/3        EV: 19    Int:  8    God:    Trog [*.....]
Gold:   54         SH:  0    Dex: 15    Spells: 1/1 levels left
                                        Lives:  0   Deaths: 0

rFire   . . .      SeeInvis +     - Unarmed
rCold   . . .      Faith    .   (shield unavailable)
rNeg    . . .      Spirit   .   (armour unavailable)
rPois   .          Reflect  .   (helmet unavailable)
rElec   .          Harm     .   (cloak unavailable)
rCorr   .          Rampage  .   (gloves unavailable)
Will    .....                   (boots unavailable)
Stlth   ++........              (no amulet)
HPRegen 0.04/turn               (no ring)
MPRegen 0.08/turn               (no ring)

@: quick
A: very small, claws 1, fangs 3, see invisible, speed 1, shaggy fur 1, stealthy
paws, no weapons or thrown items, no armour, multi-lived
a: Renounce Religion, Berserk


You were on level 2 of the Dungeon.
You worshipped Trog.
Trog was aware of your devotion.
You visited 1 branch of the dungeon, and saw 2 of its levels.

You collected 54 gold pieces.

Inventory:

Armour
 a - a +0 robe
 b - a +0 helmet
Magical Staves
 c - a staff of cold
Scrolls
 e - a scroll of noise {unknown}
Potions
 d - a potion of lignification


   Skills:
 + Level 3.2 Fighting
 * Level 4.7 Dodging
 + Level 0.4 Stealth
 + Level 3.0 Unarmed Combat


You had one spell level left.
You didn't know any spells.
Your spell library contained the following spells:

 Spells                   Type           Power      Damage    Failure   Level
 Corpse Rot               Necr/Air       0%         N/A       54%         2
 Poisonous Vapours        Pois/Air       0%         N/A       54%         2


Dungeon Overview and Level Annotations

Branches:
Dungeon (2/15)

Altars:


Innate Abilities, Weirdness & Mutations

You have sharp claws.
You have razor-sharp teeth.
You have supernaturally acute eyesight. (SInv)
You cover ground quickly. (Speed+)
You are covered in fur. (AC +1)
Your paws help you pounce on unaware monsters.
You are incapable of wielding weapons or throwing items.
You cannot wear armour.
You gain extra lives every three experience levels.


Message History

HP restored.
A rat comes into view.
Found a helmet.
A bat comes into view.
Found a pair of boots.
The bat moves out of view.
You see here a scroll labelled FAOTUA COLLAXU.
e - a scroll labelled FAOTUA COLLAXU You scratch the rat.
You kill the rat!
Trog accepts your kill.
You see here a rat corpse.
A worm comes into view.
You miss the bat. The bat completely misses you. The bat misses you.
The bat completely misses you.
You scratch the bat.
You kill the bat!
Trog accepts your kill. The worm bites you!
Ouch! That really hurt!
* * * LOW HITPOINT WARNING * * *
You scratch the worm.
The worm is lightly wounded.
You scratch the worm.
The worm is lightly wounded.
The worm closely misses you. The worm barely misses you.
You scratch the worm.
The worm is moderately wounded.
The worm closely misses you.
You scratch the worm. Your bite misses the worm.
The worm is moderately wounded.
You scratch the worm. You bite the worm.
The worm is severely wounded.
The worm barely misses you.
You barely miss the worm.
The worm is severely wounded.
The worm bites you!
Ouch! That really hurt!
You die...

... ..# #.#.. #.[ #.#
##.#. #.###.# #.#.
### #####...#.####.#.
#... ...# #........#.
.#.#.#
##.###...######.
......####...##...#
#.
..##..........†...#
#.
........@..†.##...#
..##....w...###...#
#.........# #.....
..................###
.##.........###..##
#.........# #..#
..........## ..#
#####...#.# #......


You could see a worm.

Vanquished Creatures
  An endoplasm (D:1)
  A giant cockroach (D:1)
  2 goblins (D:2)
  A hobgoblin (D:1)
  2 kobolds (D:1)
  A quokka (D:1)
  A ball python (D:1)
  3 bats
  A frilled lizard (D:2)
  3 rats
16 creatures vanquished.

Notes
Turn   | Place    | Note
-------+----------+-------------------------------------------
     0 | D:1      | foureyesage the Felid Berserker began the quest for the
                  | Orb.
     0 | D:1      | Reached XP level 1. HP: 10/10 MP: 2/2
   523 | D:1      | Found a faded altar of an unknown god.
   571 | D:1      | Reached XP level 2. HP: 4/14 MP: 3/3
  1566 | D:2      | Mangled by a worm

Illustrated notes

Levels and vault maps discovered:
D:1:      minmay_arrival_four_circles, layout_basic,
          hellmonk_ecumenical_altar_heavens_door
D:2:      layout_loops_ring, serial_shops, nicolae_shop_bloodbath_and_beyond

Action                   || total
-------------------------++-------
Melee: Unarmed           ||    34
       Bite              ||     5
       Punch             ||     1
  Use: Scroll            ||     3
       Potion            ||     2
 Stab: Sleeping          ||     1
Armor: Skin              ||     1
Dodge: Dodged            ||    20
